 Dungeon Crawl Stone Soup version 0.32-a0-576-g706899e69d (webtiles) character file.

Game seed: 11927420788653780203

280 gimp the Chopper (level 6, 0/73 HPs)
             Began as a Coglin Berserker on Mar 2, 2024.
             Was a Believer of Trog.
             Slain by a gnoll
             ... wielding a +0 spear
              (4 damage)
             ... on level 3 of the Dungeon.
             The game lasted 00:03:30 (1844 turns).

gimp the Chopper (Coglin Berserker)                 Turns: 1844, Time: 00:03:31

Health: 0/73       AC:  2    Str: 19    XL:     6   Next: 27%
Magic:  6/6        EV: 12    Int:  6    God:    Trog [**....]
Gold:   137        SH:  0    Dex: 14    Spells: 5/5 levels left

rFire   . . .        a - +0 hand axe {Ahmose}
rCold   . . .        b - +2 dagger (drain) {Eunwoo}
rNeg    . . .        j - +0 animal skin
rPois   .            (no helmet)
rElec   .            (no cloak)
rCorr   .            (no gloves)
SInv    .            (no boots)
Will    .....        (amulet unavailable) Stlth
                     (ring unavailable)
HPRegen 0.32/turn    (ring unavailable)
MPRegen 0.10/turn    (no gizmo)

%: no passive effects
@: berserking (expiring), revving, very quick
A: off-hand wielding, slow wielding, warmup strikes, no jewellery
a: Invent Gizmo, Renounce Religion, Berserk, Trog's Hand


You were on level 3 of the Dungeon.
You worshipped Trog.
Trog was pleased with you.
You visited 1 branch of the dungeon, and saw 3 of its levels.

You collected 137 gold pieces.

Inventory:

Hand Weapons
 a - a +0 hand axe (weapon) {Ahmose}
 b - a +2 dagger of draining (offhand) {Eunwoo}
Armour
 j - a +0 animal skin (worn)
Scrolls
 d - 2 scrolls of enchant armour {unknown}
 f - 6 scrolls of identify {unknown}
 g - 2 scrolls of vulnerability {unknown}
 h - a scroll of immolation {unknown}
 i - 2 scrolls of enchant weapon {unknown}
 k - a scroll of teleportation {unknown}
 m - a scroll of torment {unknown}
 n - 2 scrolls of revelation {unknown}
Potions
 c - a potion of attraction {unknown}
 e - a potion of experience {unknown}
 l - a potion of mutation {unknown}
 o - a potion of berserk rage {unknown}


   Skills:
 + Level 4.6 Fighting
 * Level 5.8 Axes
 - Level 1.7 Armour
 - Level 1.7 Dodging


You had 5 spell levels left.
You didn't know any spells.
Your spell library was empty.

Dungeon Overview and Level Annotations

Branches:
Dungeon (3/15)

Altars:
The Shining One


Innate Abilities, Weirdness & Mutations

You can wield a second weapon in your off-hand.
It takes a long time for you to wield or remove held weapons.
Your first few attacks do less damage.
You cannot equip rings or amulets.


Message History

i - 2 scrolls labelled JAVODYGIUR (gained 1)
A bat comes into view.
Found 6 stones.
A bat is nearby!
The bat barely misses you.
You barely miss the bat with your +0 hand axe.
You closely miss the bat with your +2 dagger of draining.
The bat misses you. The bat hits you but does no damage.
The bat closely misses you.
You slash the bat with your +0 hand axe!
You kill the bat!
Trog accepts your kill.
No target in view!
You see here 6 stones.
An adder comes into view.
The adder hisses angrily.
An adder is nearby!
You closely miss the adder with your +2 dagger of draining.
You barely miss the adder with your +0 hand axe.
The adder bites you.
You take 2 damage, and have 40/42 hp.
You closely miss the adder with your +0 hand axe.
You barely miss the adder with your +2 dagger of draining.
The adder bites you.
You are poisoned.
The adder poisons you!
You take 1 damage, and have 39/42 hp.
You hit the adder with your +0 hand axe.
The adder is moderately wounded.
You barely miss the adder with your +2 dagger of draining.
You feel sick. The adder bites you but does no damage.
The adder barely misses you.
You take 2 damage, and have 37/42 hp.
You miss the adder with your +2 dagger of draining.
The adder is moderately wounded.
You barely miss the adder with your +0 hand axe.
You feel sick. The adder bites you but does no damage.
You closely miss the adder with your +0 hand axe.
The adder is moderately wounded.
You hit the adder with your +2 dagger of draining.
You feel sick.
You are no longer poisoned.
The adder bites you but does no damage. The adder completely misses you.
You take 1 damage, and have 36/42 hp.
You hit the adder with your +0 hand axe.
You kill the adder!
Trog accepts your kill.
No target in view!
A gnoll comes into view. It is wielding a +0 halberd.
Health restored: 42 A gnoll is nearby!
A gnoll comes into view. It is wielding a +0 halberd.
Found a dagger.
The gnoll shouts!
You hear a shout! x3
The gnoll completely misses you.
You hit the gnoll but do no damage. You drain the gnoll.
The gnoll is lightly wounded.
You hit the gnoll with your +0 hand axe.
The gnoll barely misses you.
An ogre comes into view. It is wielding a +0 giant club.
You hit the gnoll with your +2 dagger of draining.
The gnoll is severely wounded.
You hit the gnoll but do no damage. The gnoll hits you with a +0 halberd!
You take 13 damage, and have 29/42 hp.
MASSIVE DAMAGE!!
You hit the gnoll with your +0 hand axe.
You kill the gnoll!
Trog accepts your kill. The gnoll completely misses you.
A red film seems to cover your vision as you go berserk!
You feel yourself moving faster!
You feel mighty!
The ogre hits you with a +0 giant club!!
The gnoll hits you from afar with a +0 halberd.
* * * LOW HITPOINT WARNING * * *
You now have 17/63 hp.
You are too injured to fight recklessly!
You are too injured to fight recklessly!
You hit the ogre with your +2 dagger of draining.
The ogre is lightly wounded.
You slash the ogre with your +0 hand axe!
You puncture the ogre with your +2 dagger of draining!
The ogre is almost dead.
You slash the ogre with your +0 hand axe!
You kill the ogre!
Trog accepts your kill.
The gnoll hits you from afar with a +0 halberd.
* * * LOW HITPOINT WARNING * * *
You have reached level 6!
You take 3 damage, and have 14/73 hp.
MP restored: 6 A gnoll comes into view. It is wielding a +0 spear.
The gnoll hits you with a +0 halberd!
* * * LOW HITPOINT WARNING * * *
You take 11 damage, and have 3/73 hp.
You slash the gnoll with your +0 hand axe!
The gnoll is severely wounded.
You puncture the gnoll with your +2 dagger of draining!
You kill the gnoll!
Trog accepts your kill. The gnoll hits you with a +0 spear.
You die...

...# . #.# # #..# .# #.#
.# #.)# .. #.##. #..#
...#... #.. . .#.. #)# .
..# #.# .###.# #.#
#.#..###########@##.##
#........>.......g...#
#.##.#######...#........
#.##.# #.#.......###
..##.# ####.†.####..#
.###.####.........#..#
......(...........# .#
.########.........# .#
## #......####


You could see a gnoll.

Vanquished Creatures
  2 ogres
  2 gnolls (D:3)
  3 adders
  A ribbon worm (D:2)
  4 orcs (D:3)
  5 ball pythons
  5 endoplasms (D:1)
  6 giant cockroaches
  5 hobgoblins
  5 quokkas
  2 bats
  5 frilled lizards
  6 goblins
  2 kobolds (D:1)
  5 rats
58 creatures vanquished.

Notes
Turn   | Place    | Note
-------+----------+-------------------------------------------
     0 | D:1      | gimp the Coglin Berserker began the quest for the Orb.
     0 | D:1      | Reached XP level 1. HP: 18/18 MP: 1/1
    72 | D:1      | Reached XP level 2. HP: 23/24 MP: 2/2
   608 | D:1      | Reached ** piety under Trog
   664 | D:1      | Reached XP level 3. HP: 25/29 MP: 3/3
   945 | D:2      | Reached skill level 4 in Axes
   971 | D:2      | Found a glowing golden altar of the Shining One.
  1304 | D:2      | Noticed an ogre
  1307 | D:2      | Killed an ogre
  1308 | D:2      | Reached XP level 4. HP: 37/37 MP: 4/4
  1308 | D:2      | Reached XP level 5. HP: 42/42 MP: 5/5
  1397 | D:2      | Reached skill level 5 in Axes
  1836 | D:3      | Noticed an ogre
  1841 | D:3      | Killed an ogre
  1842 | D:3      | Reached XP level 6. HP: 14/49 MP: 6/6
  1842 | D:3      | HP: 3/73 [gnoll/+0 halberd (11)]
  1844 | D:3      | Slain by a gnoll

Illustrated notes

Levels and vault maps discovered:
D:1:      dreamdust_arrival_beginning_and_end, layout_basic, minmay_pentomino_r4
D:2:      layout_basic, basic_altar, nrook_loot_triangle, st_stairs_14
D:3:      layout_loops_ring, trog_butcher_becter

Skill      XL: |  1  2  3  4  5 |
---------------+----------------+-----
Axes           | 4 5 |  5.8
Fighting       | 4 |  4.6
Armour         | |  1.7
Dodging        | |  1.7

Action                     |  1- 3 |  4- 6 || total
---------------------------+-------+-------++-------
  Melee: Hand axe          |    67 |    30 ||    97
         Dagger            |    65 |    27 ||    92
 Invoke: Berserk           |     1 |     2 ||     3
   Stab: Sleeping          |     1 |       ||     1
 Armour: Animal skin       |    24 |    20 ||    44
  Dodge: Dodged            |    42 |    19 ||    61

Table legend: (Time is in decaauts)
 A = Elapsed time spent in this place.
 B = Non-inter-level travel time spent in this place.
 C = Inter-level travel time spent in this place.
 D = Time resting spent in this place.
 E = Time spent auto-exploring this place.
 F = Levels seen in this place.
 G = Mean time per level.
                   A        B        C        D        E       F      G
               +--------+--------+--------+--------+--------+-----+--------+
         Total |   1868 |   1810 |     58 |     39 |   1408 |   3 |  622.7 |
       Dungeon |   1868 |   1810 |     58 |     39 |   1408 |   3 |  622.7 |
               +--------+--------+--------+--------+--------+-----+--------+

Top non-repeatable levels by time:
     D:1: 887 daAuts
     D:2: 779 daAuts
     D:3: 201 daAuts
